 Dungeon Crawl Stone Soup version 0.30.0-10-gfe55d96785 (webtiles) character file.

Game seed: 10824336346674683727

804 GigaChad the Chopper (level 7, -5/55 HPs)
             Began as a Demonspawn Monk on May 14, 2023.
             Was an Elder of Kikubaaqudgha.
             Slain by an ogre
             ... wielding a +0 giant spiked club
              (28 damage)
             ... on level 5 of the Dungeon on May 15, 2023.
             The game lasted 00:08:17 (3316 turns).

GigaChad the Chopper (Demonspawn Monk)              Turns: 3316, Time: 00:08:18

Health: -5/55      AC:  6    Str: 13    XL:     7   Next: 60%
Magic:  9/9        EV: 13    Int: 11    God:    Kikubaaqudgha [****..]
Gold:   218        SH:  6    Dex: 16    Spells: 9/9 levels left

rFire   . . .        e - +0 war axe
rCold   . . .        d - orb {light}
rNeg    . . .        b - +0 robe
rPois   +            (helmet restricted)
rElec   .            (no cloak)
rCorr   .            (no gloves)
SInv    .            (no boots)
Will    .....        (no amulet)
Stlth   +            k - ring of poison resistance
HPRegen 0.29/turn    l - +4 ring of protection
MPRegen 0.11/turn

%: no passive effects
@: glowing
A: horns 1, large bone plates 2, powered by death 1, demonic magic 1
a: Renounce Religion, Unearth Wretches


You were on level 5 of the Dungeon.
You worshipped Kikubaaqudgha.
Kikubaaqudgha was greatly pleased with you.
You visited 1 branch of the dungeon, and saw 5 of its levels.

You collected 218 gold pieces.

Inventory:

Hand Weapons
 a - a +0 hand axe
 e - a +0 war axe (weapon)
Armour
 b - a +0 robe (worn)
 c - a +0 scale mail
 d - an orb of light (worn)
Jewellery
 g - a ring of willpower
 i - a ring of fire
 j - a ring of fire
 k - a ring of poison resistance (left hand)
 l - a +4 ring of protection (right hand)
 n - a ring of wizardry
Scrolls
 h - 2 scrolls of fear
 o - a scroll of teleportation
Potions
 f - 4 potions of heal wounds {unknown}
 m - a potion of curing {unknown}
 p - a potion of invisibility {unknown}


   Skills:
 * Level 4.5 Fighting
 * Level 6.1 Axes
 * Level 2.3 Armour
 - Level 3.3 Dodging
 - Level 1.1 Stealth
 * Level 1.9 Spellcasting
 * Level 1.8 Necromancy


You had 9 spell levels left.
You didn't know any spells.
Your spell library contained the following spells:

 Spells                   Type           Power      Damage    Failure   Level
 Necrotise                Necr           20%        1d5       14%         1
 Kiss of Death            Conj/Necr      12%        2d6       21%         1
 Cigotuvi's Dreadful Rot  Necr/Pois/Air  4%         N/A       34%         2
 Animate Dead             Necr           5%         N/A       80%         4
 Dispel Undead            Necr           5%         3d7       80%         4
 Anguish                  Hex/Necr       1%         N/A       90%         4
 Agony                    Necr           5%         N/A       98%         5
 Borgnjor's Vile Clutch   Necr/Erth      1%         N/A       99%         5


Dungeon Overview and Level Annotations

Branches:
Dungeon (5/15)
 Temple: D:4-7

Altars:
Kikubaaqudgha


Innate Abilities, Weirdness & Mutations

You have a pair of small horns on your head.
You are mostly covered in large bone plates. (SH +6)
You regenerate a little health from kills.
Spells you cast may paralyse adjacent enemies.


Message History

The orc hits you but does no damage. The orc wizard barely misses you.
You slash the orc wizard!
You headbutt the orc wizard, but do no damage.
The orc wizard is severely wounded.
You hit the orc. The orc barely misses you.
The orc wizard hits you but does no damage.
You hit the orc wizard.
The orc wizard is almost dead.
You barely miss the orc. The orc hits you with a +0 short sword.
The orc wizard closely misses you.
You hit the orc wizard but do no damage.
The orc wizard is almost dead.
You barely miss the orc. The orc closely misses you.
The orc wizard closely misses you.
You closely miss the orc wizard. You headbutt the orc wizard.
You kill the orc wizard!
Kikubaaqudgha accepts your kill.
You slash the orc!
You kill the orc!
Kikubaaqudgha accepts your kill.
You hit the ogre.
The ogre is lightly wounded.
The ogre hits you with a +0 giant spiked club!!
Ouch! That really hurt!
You are too injured to fight recklessly!
You are too injured to fight recklessly!
You are too injured to fight recklessly!
You are too injured to fight recklessly!
You are too injured to fight recklessly!
You are too injured to fight recklessly!
You are too injured to fight recklessly!
You are too injured to fight recklessly!
You are too injured to fight recklessly!
You are too injured to fight recklessly!
You are too injured to fight recklessly!
Found a scroll labelled CENERR OXUFE.
The ogre hits you with a +0 giant spiked club!!
Ouch! That really hurt!
You die...
Kikubaaqudgha rasps: "You have failed me!
Welcome... death!"

#..#.####.# #####
#.........# #
#....###### #..###
# #..# .###.###..#
..........########.
.........##.......?
.###.....$)@#
#.######O# #.


oo# # .oo# ....# ##.... #.... ....# You could see an ogre, an orc wizard and 3
orcs.

Vanquished Creatures
  Sigmund (D:2)
  A kobold brigand (D:4)
  3 scorpions
  A hound (D:4)
  2 orc priests
  A gnoll bouda (D:5)
  A sleepcap (D:4)
  2 orc wizards
  9 gnolls
  5 adders
  A worm (D:4)
  13 orcs
  4 bats
  2 endoplasms
  A giant cockroach (D:4)
  4 hobgoblins
  4 jackals (D:4)
  4 kobolds
  4 quokkas
  5 ball pythons
  6 goblins
  3 rats
77 creatures vanquished.

Notes
Turn   | Place    | Note
-------+----------+-------------------------------------------
     0 | D:1      | GigaChad the Demonspawn Monk began the quest for the Orb.
     0 | D:1      | Reached XP level 1. HP: 18/18 MP: 1/1
    94 | D:1      | Found a faded altar of an unknown god.
   624 | D:1      | Gained mutation: Spells you cast may paralyse adjacent
                  | enemies. [demonic ancestry]
   624 | D:1      | Reached XP level 2. HP: 24/24 MP: 2/2
   657 | D:1      | Reached skill level 3 in Axes
   799 | D:1      | Prayed at the altar of an unknown god.
   799 | D:1      | Became a worshipper of Kikubaaqudgha
   799 | D:1      | Reached * piety under Kikubaaqudgha
   799 | D:1      | Received a gift from Kikubaaqudgha
   799 | D:1      | Reached ** piety under Kikubaaqudgha
  1051 | D:2      | Noticed Sigmund
  1067 | D:2      | Killed Sigmund
  1068 | D:2      | Reached skill level 4 in Axes
  1068 | D:2      | Reached skill level 1 in Armour
  1068 | D:2      | Reached skill level 1 in Stealth
  1068 | D:2      | Reached skill level 1 in Spellcasting
  1068 | D:2      | Gained mutation: You have a pair of small horns on your
                  | head. [demonic ancestry]
  1068 | D:2      | Reached XP level 3. HP: 17/30 MP: 2/4
  1068 | D:2      | Gained mutation: You are partially covered in large bone
                  | plates. (SH +4) [demonic ancestry]
  1068 | D:2      | Reached XP level 4. HP: 21/37 MP: 2/5
  1068 | D:2      | Reached XP level 5. HP: 24/42 MP: 2/6
  1523 | D:2      | Reached *** piety under Kikubaaqudgha
  1523 | D:2      | Received a gift from Kikubaaqudgha
  1908 | D:4      | Gained mutation: You are mostly covered in large bone
                  | plates. (SH +6) [demonic ancestry]
  1908 | D:4      | Reached XP level 6. HP: 32/48 MP: 7/7
  2067 | D:4      | Reached skill level 1 in Necromancy
  2278 | D:4      | Reached skill level 5 in Axes
  2700 | D:4      | Gained mutation: You regenerate a little health from kills.
                  | [demonic ancestry]
  2700 | D:4      | Reached XP level 7. HP: 54/54 MP: 9/9
  2965 | D:5      | Entered Level 5 of the Dungeon
  2975 | D:5      | Reached **** piety under Kikubaaqudgha
  3255 | D:5      | Reached skill level 6 in Axes
  3316 | D:5      | Slain by an ogre

Illustrated notes

Levels and vault maps discovered:
D:1:      enne_arrival_octagon_isle, layout_basic,
          ebering_ecumenical_altar_petrified
D:2:      layout_loops_ring, uniq_sigmund
D:3:      layout_basic, uniq_natasha
D:4:      layout_basic, minmay_vboxes
D:5:      layout_loops_ring

Skill      XL: |  1  2  3  4  5  6  7 |
---------------+----------------------+-----
Axes           | 4 5 6 |  6.1
Dodging        | 3 |  3.3
Armour         | 1 2 |  2.3
Stealth        | 1 |  1.1
Spellcasting   | 1 |  1.9
Fighting       | 4 |  4.5
Necromancy     | 1 |  1.8

Action                     |  1- 3 |  4- 6 |  7- 9 || total
---------------------------+-------+-------+-------++-------
  Melee: Hand axe          |    53 |       |       ||    53
         War axe           |       |    83 |    87 ||   170
         Headbutt          |       |    18 |    22 ||    40
    Use: Potion            |     4 |       |       ||     4
         Scroll            |       |     1 |     1 ||     2
 Armour: Robe              |     5 |    11 |    20 ||    36
  Dodge: Dodged            |    30 |    41 |    52 ||   123
  Block: Orb               |       |    27 |    36 ||    63
